 Dungeon Crawl Stone Soup version 0.19.1 (webtiles) character file.

23 ChaseSP the Chopper (level 3, -9/29 HPs)
             Began as a Formicid Abyssal Knight on Dec 2, 2016.
             Was a Follower of Lugonu.
             Mangled by a gnoll
             ... wielding a +0 flail
              (10 damage)
             ... on level 2 of the Dungeon.
             The game lasted 00:01:21 (562 turns).

ChaseSP the Chopper (Formicid Abyssal Knight)        Turns: 562, Time: 00:01:22

Health: -9/29      AC:  4    Str: 16    XL:     3   Next: 12%
Magic:  13/13      EV: 11    Int: 11    God:    Lugonu [*.....]
Gold:   68         SH:  0    Dex: 11    Spells: 0 memorised, 2 levels left

rFire  . . .     SeeInvis +     a - +1 hand axe
rCold  . . .     Gourm    .     b - +0 leather armour
rNeg   . . .     Faith    .     (no shield)
rPois  .         Spirit   .     (helmet unavailable)
rElec  .         Reflect  .     (no cloak)
rCorr  .         Harm     .     (no gloves)
MR     .....                    o - +0 pair of boots
Stlth  +.........               (no amulet)
                                (no ring)
                                l - ring of magical power

@: no status effects
A: permanent stasis, dig shafts and tunnels, four strong arms, antennae 3
a: Dig, Shaft Self, Depart the Abyss, Renounce Religion


You were on level 2 of the Dungeon.
You worshipped Lugonu.
Lugonu was aware of your devotion.
You were not hungry.

You visited 1 branch of the dungeon, and saw 2 of its levels.
You visited the Abyss 1 time.

You collected 68 gold pieces.

Inventory:

Hand Weapons
 a - a +1 hand axe (weapon)
Armour
 b - a +0 leather armour (worn)
 o - a +0 pair of boots (worn)
Jewellery
 l - a ring of magical power (left hand)
Scrolls
 e - a scroll of amnesia {unknown}
 g - a scroll of remove curse {unknown}
 k - a scroll of identify {unknown}
 m - a scroll of teleportation {unknown}
 n - a scroll of fog {unknown}
 q - a scroll of magic mapping {unknown}
Potions
 d - 2 potions of lignification {unknown}
Comestibles
 c - a bread ration
 f - a slice of pizza
 h - 3 chunks of flesh
 i - a royal jelly
 j - a beef jerky
 p - a meat ration


   Skills:
 - Level 3.2 Fighting
 + Level 3.3 Axes
 - Level 2.1 Armour
 - Level 0.8 Dodging
 - Level 2.1 Invocations


You had 2 spell levels left.
You didn't know any spells.

Dungeon Overview and Level Annotations

Branches:
Dungeon (2/15)

Altars:
Nemelex Xobeh
Sif Muna

Annotations:
D:2 Jessica


Innate Abilities, Weirdness & Mutations

You are under a permanent stasis effect.
You can dig through walls and to a lower floor.
Your four strong arms can wield two-handed weapons with a shield.
You have a pair of large antennae on your head. (SInv)


Message History

You hit Jessica.
The gnoll hits you with a flail of holy wrath!
* * * LOW HITPOINT WARNING * * *
Jessica zaps a wand.
The puff of flame misses you.
The puff of flame hits the gnoll.
The gnoll dies!
You have reached level 3!
Your experience leads to an increase in your attributes!
Increase (S)trength, (I)ntelligence, or (D)exterity?
You feel agile.
It is a wand of flame.
You completely miss Jessica.
Jessica is heavily wounded.
You hit the gnoll. Jessica barely misses you.
You hit Jessica but do no damage.
Jessica is heavily wounded.
You completely miss the gnoll.
Jessica zaps a wand.
The puff of flame hits you!
* * * LOW HITPOINT WARNING * * *
The gnoll hits you with a flail!
You die...

..# ###?# ... .#..### #.#
....... #.# ......# #.#
....... #############.#
....#
...........##.####g.#.#.#
##########.##..@@gg.....#
#.......######.#..
#.#.###># #.#.# #.# # #..
#.# ##### . ... #.#
....#.# ... #.#
....#.#.........
...(....... ...


You could see 3 gnolls and Jessica.

Vanquished Creatures
  A dart slug (D:1)
  A leopard gecko (D:1)
  A giant cockroach (D:2)
  2 goblins (D:1)
  5 hobgoblins (D:1)
  3 bats (D:1)
  A kobold (D:1)
  2 rats (D:1)
16 creatures vanquished.

Vanquished Creatures (others)
  A gnoll (D:2)
1 creature vanquished.

Grand Total: 17 creatures vanquished

Notes
Turn   | Place    | Note
-------+----------+-------------------------------------------
     0 | Abyss:1  | ChaseSP the Formicid Abyssal Knight began the quest for the Orb.
     0 | Abyss:1  | Reached XP level 1. HP: 18/18 MP: 2/2
    92 | Abyss:1  | Noticed a wretched star
    94 | Abyss:1  | Noticed a worldbinder
    96 | Abyss:1  | Noticed a vampire mosquito
    96 | D:1      | Escaped the Abyss
   150 | D:1      | Reached * piety under Lugonu
   203 | D:1      | Reached XP level 2. HP: 20/24 MP: 3/3
   511 | D:2      | Found a deep blue altar of Sif Muna.
   515 | D:2      | Found a sparkling altar of Nemelex Xobeh.
   554 | D:2      | Noticed Jessica
   560 | D:2      | Reached XP level 3. HP: 12/29 MP: 4/4
   562 | D:2      | HP: 1/29 [Jessica/wand of flame (11)]
   562 | D:2      | Mangled by a gnoll

Skill      XL: |  1  2 |
---------------+-------+-----
Axes           | 3 |  3.3
Fighting       | |  3.2
Armour         | |  2.1
Dodging        | |  0.8
Invocations    | |  2.1

Action                   || total
-------------------------++-------
Melee: Hand axe          ||    50
Invok: Depart the Abyss  ||     1
Armor: Leather armour    ||    22
Dodge: Dodged            ||    34
